 Dungeon Crawl Stone Soup version 0.30-a0-553-g7fabdf1491 (webtiles) character file.

Game seed: 6591620765172494343

56 NotreDorf the Trooper (level 3, -2/30 HPs)
             Began as a Merfolk Fighter on Dec 26, 2022.
             Slain by Grinder (8 damage)
             ... on level 3 of the Dungeon.
             The game lasted 00:07:16 (1588 turns).

NotreDorf the Trooper (Merfolk Fighter)             Turns: 1588, Time: 00:07:16

Health: -2/30      AC:  8    Str: 25    XL:     3   Next: 97%
Magic:  12/12      EV: 10    Int:  7    God:
Gold:   127        SH:  5    Dex: 13    Spells: 2/2 levels left

rFire   . . .      SeeInvis .    a - +0 trident
rCold   . . .      Faith    .    c - +0 buckler
rNeg    . . .      Spirit   .    b - +0 scale mail
rPois   .          Reflect  .    m - +1 helmet of Qokuz {MP+9 Str+7}
rElec   .          Harm     .    (no cloak)
rCorr   .          Rampage  .    (no gloves)
Will    .....                    (no boots) Stlth
                                 (no amulet)
HPRegen 0.25/turn                (no ring)
MPRegen 0.13/turn                (no ring)

@: no status effects
A: (nimble swimmer 2), mertail
a: no special abilities


You were on level 3 of the Dungeon.
You visited 1 branch of the dungeon, and saw 3 of its levels.

You collected 127 gold pieces.

Inventory:

Hand Weapons
 a - a +0 trident (weapon)
Armour
 b - a +0 scale mail (worn)
 c - a +0 buckler (worn)
 i - an orb of mayhem
 m - the +1 helmet of Qokuz (worn) {MP+9 Str+7}
   (You found it on level 2 of the Dungeon)

   Str:       It affects your strength (+7).
   MP:        It affects your magic capacity (+9).
Scrolls
 f - 4 scrolls of teleportation {unknown}
 j - a scroll of brand weapon {unknown}
 l - a scroll of fog {unknown}
 n - a scroll of poison {unknown}
 p - a scroll of blinking {unknown}
 r - a scroll of enchant weapon {unknown}
 s - a scroll of enchant armour {unknown}
Potions
 d - 3 potions of might
 e - 3 potions of curing {unknown}
 g - 2 potions of ambrosia {unknown}
 h - a potion of flight {unknown}
 k - a potion of brilliance {unknown}
 o - a potion of degeneration {unknown}
 q - a potion of mutation {unknown}


   Skills:
 + Level 3.8 Fighting
 + Level 3.4 Polearms
 - Level 2.1 Armour
 + Level 2.1 Dodging
 + Level 3.5 Shields


You had 2 spell levels left.
You didn't know any spells.
Your spell library contained the following spells:

 Spells                   Type           Power      Damage    Failure   Level
 Vhi's Electric Charge    Tloc/Air       0%         N/A       99%         3
 Arcjolt                  Conj/Air       0%         1d10      100%        5
 Maxwell's Capacitive Co  Air            0%         ∞         100%        8


Dungeon Overview and Level Annotations

Branches:
Dungeon (3/15)

Altars:

Annotations:
D:3 Grinder


Innate Abilities, Weirdness & Mutations

((You are very nimble when in or above water. (Stealth+, EV+, Speed+++)))
Your lower body shifts to a powerful aquatic tail in water.


Message History

The endoplasm is severely wounded.
The endoplasm hits you but does no damage.
You puncture the endoplasm!
You kill the endoplasm!
You now have 127 gold pieces (gained 17).
Grinder comes into view.
Grinder shouts!
Grinder says, "I used to sell toenails on the black market."
Grinder moves out of view.
Grinder gestures at you. Pain shoots through your body!
Grinder blinks!
No target in view!
Grinder says, "FISH!"
You hit Grinder.
Grinder is lightly wounded.
Grinder hits you but does no damage.
You closely miss Grinder.
Grinder is lightly wounded.
Grinder hits you.
You closely miss Grinder.
Grinder is lightly wounded.
Grinder blinks!
You puncture Grinder!
Grinder is heavily wounded.
Grinder hits you.
You writhe in agony.
You are too injured to fight recklessly!
You are too injured to fight recklessly!
You closely miss Grinder.
Grinder is heavily wounded.
Grinder hits you.
You writhe in agony.
* * * LOW HITPOINT WARNING * * *
You barely miss Grinder.
Grinder is moderately wounded.
Grinder hits you but does no damage.
You puncture Grinder!
Grinder is severely wounded.
Grinder gestures at you. You resist with significant effort. Grinder hits you!
You die...

..###### #.#...# #.#
.......# #.#.#####.#
..####.#
###.........#
.......#
#...#.#######
.####..# #.#.#.....#
.# #..# #.#.#####.#
.####..# #.#.#..##.#
.. ....# #.#.#.....#
#####.####.#.#.5@..#
##.........#.#####.#
...........>..<###.#
###.#..#.....#.....#
# #.#..#.##.##.#####
# #.#..#.##.##.#
###.####.##.##.#
##.).# #.##.##.#
###†## #.......#


You could see Grinder.

Vanquished Creatures
  A worm (D:3)
  6 ball pythons
  10 endoplasms
  4 giant cockroaches
  2 goblins
  6 hobgoblins
  6 quokkas
  3 bats
  A frilled lizard (D:3)
  2 kobolds (D:1)
  5 rats
46 creatures vanquished.

Notes
Turn   | Place    | Note
-------+----------+-------------------------------------------
     0 | D:1      | NotreDorf the Merfolk Fighter began the quest for the Orb.
     0 | D:1      | Reached XP level 1. HP: 18/18 MP: 1/1
   233 | D:1      | Reached skill level 1 in Dodging
   233 | D:1      | Reached XP level 2. HP: 24/24 MP: 2/2
   534 | D:2      | Reached XP level 3. HP: 29/29 MP: 3/3
   859 | D:2      | Identified the +1 helmet of Qokuz {MP+9 Str+7}
  1576 | D:3      | Noticed Grinder
  1588 | D:3      | Slain by Grinder

Illustrated notes

Levels and vault maps discovered:
D:1:      minmay_arrival_up_and_down, layout_rooms
D:2:      minmay_door_path, layout_loops_ring, serial_bayou_pond_c,
          chequers_serial_rivers_micro_d
D:3:      minmay_spotlight, layout_basic, serial_shops,
          nicolae_shop_advertising_works [nicolae_subvault_shop_adworks],
          uniq_grinder

Skill      XL: |  1  2  3 |
---------------+----------+-----
Polearms       | 3 |  3.4
Dodging        | 1 2 |  2.1
Fighting       | |  3.8
Armour         | |  2.1
Shields        | |  3.5

Action                   || total
-------------------------++-------
Melee: Trident           ||   140
Armor: Scale mail        ||    45
Dodge: Dodged            ||    40
Block: Buckler           ||    19

Table legend: (Time is in decaauts)
 A = Elapsed time spent in this place.
 B = Non-inter-level travel time spent in this place.
 C = Inter-level travel time spent in this place.
 D = Time resting spent in this place.
 E = Time spent auto-exploring this place.
 F = Levels seen in this place.
 G = Mean time per level.
                   A        B        C        D        E       F      G
               +--------+--------+--------+--------+--------+-----+--------+
         Total |   1607 |   1553 |     54 |     55 |    947 |   3 |  535.7 |
       Dungeon |   1607 |   1553 |     54 |     55 |    947 |   3 |  535.7 |
               +--------+--------+--------+--------+--------+-----+--------+

Top non-repeatable levels by time:
     D:2: 938 daAuts
     D:1: 533 daAuts
     D:3: 135 daAuts
